 Dungeon Crawl Stone Soup version 0.19.1 (webtiles) character file.

247 RedPan the Conjurer (level 5, -2/38 HPs)
             Began as a Draconian Wizard on Dec 27, 2016.
             Slain by a worker ant (6 damage)
             ... on level 4 of the Dungeon.
             The game lasted 00:14:13 (4493 turns).

RedPan the Conjurer (Draconian Wizard)              Turns: 4493, Time: 00:14:14

Health: -2/38      AC:  7    Str: 10    XL:     5   Next: 85%
Magic:  0/9        EV: 12    Int: 19    God:
Gold:   173        SH:  0    Dex:  9    Spells: 2 memorised, 6 levels left

rFire  . . .     SeeInvis .     e - +0 dagger
rCold  . . .     Gourm    .     (armour unavailable)
rNeg   . . .     Faith    .     (no shield)
rPois  .         Spirit   .     a - +1 hat
rElec  .         Reflect  .     g - +0 cloak
rCorr  .         Harm     .     (no gloves)
MR     .....                    (no boots)
Stlth  ++........               (no amulet)
                                (no ring)
                                (no ring)

@: lethally poisoned (-2 -> -5)
A: unfitting armour, cold-blooded, AC +5
a: no special abilities


You were on level 4 of the Dungeon.
You were not hungry.

You visited 1 branch of the dungeon, and saw 4 of its levels.

You collected 173 gold pieces.

Inventory:

Hand Weapons
 e - a +0 dagger (weapon)
Armour
 a - a +1 hat (worn)
 g - a +0 cloak (worn)
Wands
 c - a wand of iceblast (3/15)
Scrolls
 f - a scroll of identify
 i - a scroll of fear {unknown}
 n - 4 scrolls of remove curse
Potions
 d - a potion of degeneration {unknown}
 h - a potion of flight
 l - a potion of magic {unknown}
Books
 b - a book of Minor Magic

   Spells                             Type                      Level
   a - Magic Dart                     Conjuration                  1
   b - Blink                          Translocation                2
   c - Call Imp                       Summoning                    2
   d - Repel Missiles                 Charms/Air                   2
   e - Slow                           Hexes                        2
   f - Conjure Flame                  Conjuration/Fire             3
   g - Mephitic Cloud                 Conjuration/Poison/Air       3
Comestibles
 j - a bread ration
 m - a slice of pizza
 o - 3 meat rations


   Skills:
 - Level 1.7 Dodging
 - Level 1.7 Stealth
 - Level 3.0 Spellcasting
 + Level 4.9 Conjurations
   Level 1.0 Summonings
   Level 1.0 Translocations
 - Level 2.0 Air Magic
 - Level 2.0 Poison Magic


You had 6 spell levels left.
You knew the following spells:

 Your Spells              Type           Power        Failure   Level  Hunger
a - Magic Dart            Conj           ###.         1%          1    None
b - Mephitic Cloud        Conj/Pois/Air  ##......     14%         3    ###....


Dungeon Overview and Level Annotations

Branches:
Dungeon (4/15)
 Temple: D:4-7

Altars:
Xom

Annotations:
D:4 Eustachio


Innate Abilities, Weirdness & Mutations

Your plain brown scales are hard. (AC +5)
You cannot fit into any form of body armour.
You are cold-blooded and may be slowed by cold attacks.


Message History

Aiming: Magic Dart
Press: ? - help, Shift-Dir - straight line, f/p - Eustachio
Aim: Eustachio, wielding a rapier, wearing a leather armour and carrying a wand of flame {zapped: 7} (severely wounded, confused)
The magic dart hits Eustachio.
Eustachio is severely wounded.
The bat hits you but does no damage. The worker ant barely misses you.
The quokka closely misses you. The rat closely misses you.
Casting: Magic Dart
Confirm with . or Enter, or press ? or * to list all spells.
Aiming: Magic Dart
Press: ? - help, Shift-Dir - straight line, f/p - Eustachio
Aim: Eustachio, wielding a rapier, wearing a leather armour and carrying a wand of flame {zapped: 7} (severely wounded, confused)
The magic dart hits Eustachio.
Eustachio is severely wounded.
You feel sick. The bat closely misses you. The worker ant barely misses you.
The quokka bites you but does no damage.
The rat bites you.
* * * LOW HITPOINT WARNING * * *
The worker ant bites you.
You die...

#...#........##.....##
#..................## #
#...................#
...#####...................#
...........................#
..........<................#
....######.....b...........#
. ###..................#
#......@.@..........##
#.#.....rar.#....^(##
#.#.........#....### .
#.........###..# .
##.....<.## #..# ..
##.....## ##.# ####### ###


You could see Eustachio (confused), a worker ant, a quokka, a bat and a rat.

Vanquished Creatures
  A hound (D:4)
  An orc priest (D:3)
  4 gnolls (D:2)
  5 adders
  3 oozes
  2 dart slugs
  4 leopard geckos
  7 orcs
  A ball python (D:1)
  7 bats
  2 giant cockroaches
  6 goblins
  8 hobgoblins
  8 jackals
  2 kobolds
  A quokka (D:2)
  4 frilled lizards
  12 rats
78 creatures vanquished.

Notes
Turn   | Place    | Note
-------+----------+-------------------------------------------
     0 | D:1      | RedPan the Draconian Wizard began the quest for the Orb.
     0 | D:1      | Reached XP level 1. HP: 14/14 MP: 4/4
   389 | D:1      | Reached skill level 2 in Conjurations
   434 | D:1      | Reached XP level 2. HP: 19/20 MP: 6/6
  1114 | D:2      | Reached skill level 3 in Conjurations
  1114 | D:2      | Reached XP level 3. HP: 16/26 MP: 0/7
  1924 | D:2      | Reached XP level 4. HP: 33/33 MP: 8/8
  1934 | D:2      | Reached skill level 4 in Conjurations
  1994 | D:2      | Learned a level 3 spell: Mephitic Cloud
  2427 | D:3      | Reached skill level 1 in Poison Magic
  2452 | D:3      | Found a shimmering altar of Xom.
  2452 | D:3      | Noticed a hippogriff
  2462 | D:3      | Reached skill level 1 in Air Magic
  3055 | D:3      | Reached XP level 5. HP: 34/38 MP: 3/9
  4031 | D:4      | Noticed Eustachio
  4272 | D:4      | Noticed an ogre
  4493 | D:4      | Slain by a worker ant

Skill      XL: |  1  2  3  4  5 |
---------------+----------------+-----
Conjurations   | 2 3 4 |  4.9
Poison Magic   | 1 2 |  2.0
Air Magic      | 1 2 |  2.0
Dodging        | |  1.7
Stealth        | |  1.7
Spellcasting   | |  3.0
Summonings     | |  1.0
Translocations | |  1.0

Action                   |  1- 3 |  4- 6 || total
-------------------------+-------+-------++-------
Melee: Dagger            |   110 |   130 ||   240
       Unarmed           |     7 |       ||     7
       Tailslap          |     4 |     9 ||    13
 Cast: Magic Dart        |    43 |   110 ||   153
       Mephitic Cloud    |       |     1 ||     1
  Use: Scroll            |       |    10 ||    10
       Potion            |       |     4 ||     4
 Stab: Sleeping          |     8 |       ||     8
       Confused          |       |     1 ||     1
  Eat: Chunk             |     3 |     4 ||     7
       Bread ration      |       |     1 ||     1
Armor: Skin              |    46 |   105 ||   151
Dodge: Dodged            |   115 |   193 ||   308
